 Dungeon Sprint DCSS version 0.30.0-18-gc0e69614cb (webtiles) character file.

Game seed: 16365359444652281161

1140 Groucho the Fighter (level 8, -7/56 HPs)
             Began as a Gargoyle Gladiator on May 23, 2023.
             Was a Believer of Cheibriados.
             Mangled by a boulder beetle (17 damage)
             ... in the Dungeon (Sprint IX: "|||||||||||||||||||||||||||||").
             The game lasted 00:02:57 (1700 turns).

Groucho the Fighter (Gargoyle Gladiator)            Turns: 1700, Time: 00:02:57

Health: -7/56      AC: 31    Str: 23    XL:     8   Next: 37%
Magic:  13/13      EV: 14    Int: 14    God:    Cheibriados [**....]
Gold:   0          SH:  0    Dex: 18    Spells: 7/7 levels left

rFire   . . .        m - +2 morningstar (protect)
rCold   . . .        (no shield)
rNeg    + . .        o - +1 chain mail
rPois   ∞            c - +0 helmet
rElec   +            (no cloak)
rCorr   .            n - +0 pair of gloves
SInv    .            a - +0 pair of boots
Will    .....        (no amulet) Stlth
                     b - +2 ring of evasion
HPRegen 0.29/turn    p - +2 ring of protection
MPRegen 0.13/turn

%: no teleportation
@: under a protective aura, very slow
A: sickness immunity, AC +5, negative energy resistance 1, electricity
resistance, torment resistance 1, petrification resistance
a: Renounce Religion, Bend Time


You were in the Dungeon.
You worshipped Cheibriados.
Cheibriados was pleased with you.
You visited 1 branch

Inventory:

Hand Weapons
 m - a +2 morningstar of protection (weapon)
Missiles
 d - 3 throwing nets (quivered)
 e - a javelin
Armour
 a - a +0 pair of boots (worn)
 c - a +0 helmet (worn)
 n - a +0 pair of gloves (worn)
 o - a +1 chain mail (worn)
Jewellery
 b - a +2 ring of evasion (left hand)
 p - a +2 ring of protection (right hand)
Wands
 l - a wand of roots (10)
Scrolls
 j - 2 scrolls of amnesia
 k - a scroll of blinking
Potions
 f - 2 potions of curing
 i - 4 potions of magic


   Skills:
 + Level 9.3 Fighting
 + Level 8.9 Maces & Flails
 - Level 1.7 Throwing
 + Level 9.0 Armour
 + Level 7.3 Dodging
 * Level 7.9 Invocations


You had 7 spell levels left.
You didn't know any spells.
Your spell library was empty.

Dungeon Overview and Level Annotations

Branches:
Dungeon (1/1)

Altars:
Cheibriados
Dithmenos
Elyvilon
Fedhas
Gozag
Hepliaklqana
Kikubaaqudgha
Makhleb
Nemelex Xobeh
Okawaru
Qazlal
Ru
Sif Muna
Trog
Uskayaw
Vehumet
Wu Jian
Xom
Yredelemnul
Zin
The Shining One
Jiyva
Lugonu


Innate Abilities, Weirdness & Mutations

You are immune to sickness and miasma.
Your stone body is resilient. (AC +5)
You are immune to poison.
You resist negative energy. (rN+)
You are resistant to electric shocks. (rElec)
You are resistant to unholy torment.
You are immune to petrification.


Message History

The boulder beetle closely misses you.
You sock the boulder beetle!
The boulder beetle is severely wounded.
The boulder beetle barely misses you.
You hit the boulder beetle but do no damage.
The boulder beetle is severely wounded.
The boulder beetle misses you.
You completely miss the boulder beetle.
The boulder beetle is severely wounded.
The boulder beetle closely misses you. x2
You hit the boulder beetle but do no damage.
The boulder beetle is severely wounded.
The boulder beetle leaps!
The boulder beetle bites you.
You hit the boulder beetle.
The boulder beetle is severely wounded.
The boulder beetle bites you!
You puncture the boulder beetle!
The boulder beetle is almost dead.
The boulder beetle barely misses you.
You hit the boulder beetle.
The boulder beetle is almost dead.
The boulder beetle bites you!
You are too injured to fight recklessly!
You are too injured to fight recklessly!
You are too injured to fight recklessly!
You are too injured to fight recklessly!
Unknown command.
Unknown command.
You hit the boulder beetle but do no damage.
The boulder beetle is almost dead.
The boulder beetle bites you!!
* * * LOW HITPOINT WARNING * * *
Unknown command.
Unknown command.
You feel better. The boulder beetle bites you.
* * * LOW HITPOINT WARNING * * *
You hit the boulder beetle but do no damage.
The boulder beetle is almost dead.
The boulder beetle bites you!
You die...

▓.▓
▓.▓
▓.▓
▓'▓
▓B▓
▓u▓
▓H▓
▓B▓
▓@▓
▓[▓
▓'▓
▓)▓
▓.▓
▓[▓
▓.▓
▓.▓
▓.▓


You could see 2 boulder beetles, a purple ugly thing and a manticore.

Vanquished Creatures
  2 wraiths (D)
  A vampire (D)
  A water moccasin (D)
  A black bear (D)
  A centaur (D)
  A scorpion (D)
  A killer bee (D)
  A hound (D)
  An iguana (D)
  An orc wizard (D)
  A ball python (D)
  A giant cockroach (D)
  A hobgoblin (D)
  A kobold (D)
  A rat (D)
16 creatures vanquished.

Vanquished Creatures (others)
  A hydra (D)
  A troll (D)
2 creatures vanquished.

Grand Total: 18 creatures vanquished

Notes
Turn   | Place    | Note
-------+----------+-------------------------------------------
     0 | D        | Groucho the Gargoyle Gladiator began the quest for the Orb.
     0 | D        | Reached XP level 1. HP: 12/12 MP: 1/1
    12 | D        | Reached skill level 1 in Armour
    24 | D        | Noticed a black bear
    24 | D        | Noticed a hound
    24 | D        | Noticed a scorpion
    24 | D        | Noticed a water moccasin
    24 | D        | Noticed an iguana
    29 | D        | Killed an iguana
    30 | D        | Reached XP level 2. HP: 20/20 MP: 2/2
    30 | D        | Reached XP level 3. HP: 24/24 MP: 3/3
    36 | D        | Killed a water moccasin
    37 | D        | Reached skill level 5 in Fighting
    37 | D        | Reached skill level 5 in Maces & Flails
    37 | D        | Reached skill level 5 in Armour
    37 | D        | Reached XP level 4. HP: 30/32 MP: 4/4
    37 | D        | Reached XP level 5. HP: 34/36 MP: 5/5
    40 | D        | Reached skill level 5 in Dodging
    56 | D        | Killed a black bear
    57 | D        | Reached XP level 6. HP: 16/44 MP: 6/6
   513 | D        | Found a snail-covered altar of Cheibriados.
   513 | D        | Found a shadowy altar of Dithmenos.
   513 | D        | Found a white marble altar of Elyvilon.
   513 | D        | Found a blossoming altar of Fedhas.
   513 | D        | Found an opulent altar of Gozag.
   514 | D        | Found a hazy altar of Hepliaklqana.
   515 | D        | Found a viscous altar of Jiyva.
   516 | D        | Found an ancient bone altar of Kikubaaqudgha.
   517 | D        | Became a worshipper of Cheibriados the Contemplative
   518 | D        | Found a corrupted altar of Lugonu.
   519 | D        | Found a burning altar of Makhleb.
   520 | D        | Found a sparkling altar of Nemelex Xobeh.
   521 | D        | Found an iron altar of Okawaru.
   522 | D        | Found a stormy altar of Qazlal.
   523 | D        | Found a sacrificial altar of Ru.
   524 | D        | Found a shimmering blue altar of Sif Muna.
   525 | D        | Found a bloodstained altar of Trog.
   526 | D        | Found a hide-covered altar of Uskayaw.
   527 | D        | Found a radiant altar of Vehumet.
   528 | D        | Found an ornate altar of the Wu Jian Council.
   529 | D        | Found a shimmering altar of Xom.
   530 | D        | Found a basalt altar of Yredelemnul.
   531 | D        | Found a glowing silver altar of Zin.
   532 | D        | Found a glowing golden altar of the Shining One.
   589 | D        | Noticed a wraith
   589 | D        | Noticed a vampire
   589 | D        | Noticed a wraith
   599 | D        | Killed a wraith
   600 | D        | Reached XP level 7. HP: 34/49 MP: 6/10
   619 | D        | Killed a vampire
   619 | D        | Reached * piety under Cheibriados
   620 | D        | Reached skill level 5 in Invocations
   632 | D        | Killed a wraith
   632 | D        | Reached ** piety under Cheibriados
   636 | D        | Reached XP level 8. HP: 30/56 MP: 11/13
   725 | D        | Noticed a purple ugly thing
   725 | D        | Noticed a boulder beetle
   725 | D        | Noticed a manticore
   725 | D        | Noticed a boulder beetle
   725 | D        | Noticed an eight-headed hydra
   725 | D        | Noticed a troll
   730 | D        | Killed a troll
   740 | D        | Killed an eight-headed hydra
  1700 | D        | Mangled by a boulder beetle

Illustrated notes

Levels and vault maps discovered:
D:        linesprint [early_d, line_temple, items_1, d_10, items_2, lair_1,
          lair_end, items_3, orc_1, orc_end, items_4, d_15, swamp_1, shoals_1,
          snake_1, spider_1, d_20, vaults_1, items_5, swamp_end, shoals_end,
          snake_end, spider_end, vaults_end, d_27, items_6, zot_1, zot_end,
          crypt_end, forest_end, elf_end, slime_end, tomb_end, abyss_end,
          pan_hell_end]

Skill      XL: |  1  2  3  4  5  6  7  8 |
---------------+-------------------------+-----
Armour         | 3 5 6 7 8 9 |  9.0
Fighting       | 3 5 7 8 9 |  9.3
Maces & Flails | 4 5 7 8 |  8.9
Dodging        | 3 4 5 6 7 |  7.3
Invocations    | 4 7 |  7.9
Throwing       | |  1.7

Action                     |  1- 3 |  4- 6 |  7- 9 || total
---------------------------+-------+-------+-------++-------
  Melee: Flail             |    23 |    20 |       ||    43
         Morningstar       |       |    10 |    70 ||    80
         Punch             |       |     1 |     3 ||     4
    Use: Potion            |     2 |       |     7 ||     9
         Scroll            |       |       |     1 ||     1
   Stab: Invisible         |       |       |     3 ||     3
 Armour: Leather armour    |     6 |    11 |       ||    17
         Chain mail        |       |     5 |    80 ||    85
  Dodge: Dodged            |    12 |    24 |   103 ||   139
